[Event "Titled Tuesday Blitz December 20 Early 2022"]
[White "InitiatingASC"]
[Black "tortorchess"]
[WhiteElo "2412"]
[BlackElo "1836"]
[Result "1-0"]
[Round "02"]
[TimeControl "180+2"]
[Date "2022.12.20"]
[WhiteClock "0:00:50"]
[BlackClock "0:00:15"]

1. Nf3 d5 2. b3 c5 3. Bb2 Nc6 4. e3 Nf6 5. d4 g6 6. dxc5 Bg7 7. a3 a5 8. Bb5 O-O 9. O-O Bg4 10. h3 Bxf3 11. Qxf3 Rc8 12. Rd1 e6 13. c4 Na7 14. b4 b6 15. cxb6 Nxb5 16. cxb5 axb4 17. axb4 Rc2 18. Bd4 Ne4 19. Bxg7 Kxg7 20. b7 Qb8 21. Rf1 Qxb7 22. Qd1 Rfc8 23. Qd4+ Kg8 24. b6 Rc1 25. Nd2 Rxf1+ 26. Nxf1 Rc6 27. Nd2 Nc3 28. Ra7 Qb8 29. Qf6 Ne4 30. Qxf7+ Kh8 31. Qxh7# 1-0


[Site "https://www.chess.com"]

[Event "Titled Tuesday Blitz December 20 Early 2022"]
[White "Iskusnyh, Sergei"]
[Black "Karjakin, Sergey"]
[WhiteFideId "4120027"]
[BlackFideId "14109603"]
[WhiteElo "2440"]
[BlackElo "2747"]
[Result "0-1"]
[Round "02"]
[TimeControl "180+2"]
[Date "2022.12.20"]
[WhiteClock "0:00:05"]
[BlackClock "0:00:57"]

1. d4 Nf6 2. c4 e6 3. g3 d5 4. Bg2 Bb4+ 5. Bd2 a5 6. a3 Be7 7. Nf3 O-O 8. Qc2 c6 9. Bg5 b6 10. Nbd2 Nbd7 11. e4 Ba6 12. e5 Ne8 13. Bxe7 Qxe7 14. O-O Nc7 15. Rfe1 c5 16. cxd5 Nxd5 17. Ne4 Rac8 18. Neg5 g6 19. Qe4 Kg7 20. Qh4 h6 21. Ne4 Qxh4 22. Nxh4 cxd4 23. Nd6 Rc2 24. Rad1 d3 25. Bxd5 d2 26. Re4 Rc1 27. Bb3 Nc5 28. Rd4 Nxb3 29. Rxd2 Rc5 30. Rd3 Bxd3 31. Rxd3 a4 32. Nf3 Rc2 33. Re3 Rxb2 34. Re4 Nc5 35. Rf4 Nd3 36. Rc4 Rxf2 37. Rc7 Rxf3 0-1


[Site "https://www.chess.com"]

[Event "Titled Tuesday Blitz December 20 Early 2022"]
[White "Jabborov, Sanjar"]
[Black "Luks, Artur"]
[WhiteFideId "14219263"]
[BlackFideId "21808856"]
[WhiteElo "1449"]
[BlackElo "1577"]
[Result "1-0"]
[Round "02"]
[TimeControl "180+2"]
[Date "2022.12.20"]
[WhiteClock "0:00:22"]
[BlackClock "0:00:07"]

1. e4 e6 2. d4 d5 3. Nc3 Bb4 4. e5 Ne7 5. a3 Bxc3+ 6. bxc3 c5 7. Nf3 Bd7 8. a4 Qa5 9. Bd2 Nbc6 10. Bd3 c4 11. Be2 f6 12. exf6 gxf6 13. O-O O-O-O 14. Qc1 e5 15. Qa3 Qc7 16. a5 e4 17. Nh4 Ng6 18. g3 Nxh4 19. Bf4 Ne5 20. dxe5 fxe5 21. Be3 Nf3+ 22. Bxf3 exf3 23. Bxa7 Bc6 24. a6 b6 25. Bxb6 Qxb6 26. a7 Ba8 27. Rfb1 Qc6 28. Qe7 Qd7 29. Rb8+ Kc7 30. Qxe5+ Qd6 31. Qg7+ Qd7 32. Qe5+ Qd6 33. Qd4 Rxb8 34. axb8=Q+ Rxb8 35. Qg7+ Qd7 36. Qd4 Bc6 37. Qf4+ Qd6 38. Qxf3 d4 39. Qf7+ Kd8 40. Qxc4 dxc3 41. Qg4 Qd5 42. Rd1 Rb1 43. Qg8+ Kc7 44. Qxd5 1-0


[Site "https://www.chess.com"]

[Event "Titled Tuesday Blitz December 20 Early 2022"]
[White "Jalapeno_Tractor_Schuppen"]
[Black "exoticprincess"]
[WhiteElo "2631"]
[BlackElo "3057"]
[Result "0-1"]
[Round "02"]
[TimeControl "180+2"]
[Date "2022.12.20"]
[WhiteClock "0:00:03"]
[BlackClock "0:00:24"]

1. d4 d5 2. Nf3 Nf6 3. c3 Bf5 4. Bf4 e6 5. Nbd2 Bd6 6. e3 Nbd7 7. Ne5 h6 8. h3 Bh7 9. Qb3 Rb8 10. Bb5 O-O 11. O-O c6 12. Be2 Qc7 13. Nxd7 Nxd7 14. Bxd6 Qxd6 15. c4 Rfe8 16. Rac1 Nf6 17. Rfd1 Qe7 18. Bd3 Bxd3 19. Qxd3 Rbd8 20. Rc3 e5 21. dxe5 Qxe5 22. Nf3 Qe7 23. Qc2 Rd7 24. Rcd3 Red8 25. cxd5 Nxd5 26. Rd4 c5 27. R4d2 Nb4 28. Rxd7 Rxd7 29. Rxd7 Qxd7 30. Qxc5 Nxa2 31. Qxa7 Qd1+ 32. Kh2 Qd6+ 33. g3 Qd5 34. Nd4 Nb4 35. Qa4 Nd3 36. Qc2 Ne5 37. Qc8+ Kh7 38. Qf5+ g6 39. Qf6 h5 40. b4 Nd3 41. b5 Ne5 42. Qe7 Nd3 43. Kg1 Ne1 44. Qf6 Qg2# 0-1


[Site "https://www.chess.com"]

[Event "Titled Tuesday Blitz December 20 Early 2022"]
[White "Jannat Makan, Ali Reza"]
[Black "Paspuel, Trosky"]
[WhiteFideId "22583556"]
[BlackFideId "3602150"]
[WhiteElo "1621"]
[BlackElo "1721"]
[Result "1-0"]
[Round "02"]
[TimeControl "180+2"]
[Date "2022.12.20"]
[WhiteClock "0:00:52"]
[BlackClock "0:00:04"]

1. e4 c6 2. d4 d5 3. e5 Bf5 4. Nf3 e6 5. Be2 Nd7 6. O-O h6 7. Nbd2 Ne7 8. c4 dxc4 9. Nxc4 Nd5 10. Ne3 Nxe3 11. fxe3 Be7 12. Bd3 Bxd3 13. Qxd3 O-O 14. e4 Qb6 15. b3 Rad8 16. Be3 Qa5 17. Qc2 a6 18. Kh1 f6 19. Qc4 Kh8 20. Qxe6 Rfe8 21. exf6 Bxf6 22. Qg4 Nf8 23. e5 Be7 24. Nh4 Bxh4 25. Qxh4 Qd5 26. Rf2 Ng6 27. Qh5 Re6 28. Raf1 c5 29. dxc5 Qxe5 30. Qxe5 Rxe5 31. Bf4 Nxf4 32. Rxf4 Rxc5 33. Rf8+ Rxf8 34. Rxf8+ Kh7 35. h3 Rc2 36. a4 Rb2 37. Rf3 a5 38. Kh2 g5 39. Kg3 Kg6 40. h4 h5 41. hxg5 Kxg5 42. Kh3 b6 43. g3 Rb1 44. Rd3 Rb2 45. Rc3 Rb1 46. Rf3 Rh1+ 47. Kg2 Rb1 48. Rc3 Kg4 49. Rc4+ Kf5 50. Rc3 Ke4 51. Rc4+ Kd3 52. Rh4 Rxb3 53. Rxh5 b5 54. Rxb5 Rxb5 55. axb5 a4 56. b6 a3 57. b7 a2 58. b8=Q a1=Q 59. Qd6+ Kc4 60. Qe6+ Kd3 61. Qd5+ Kc2 62. Qc4+ Kd2 63. Qb4+ Kc2 64. Qe4+ Kb3 65. Qd5+ Kc2 66. Qf5+ Kb3 67. Qf3+ Kc2 68. Qe2+ Kb3 69. Qe6+ Kc2 70. Qf5+ Kb3 71. g4 Qb2+ 72. Qf2 Qe5 73. Qg3+ Qc3 74. Qxc3+ Kxc3 75. g5 Kd4 76. g6 Ke5 77. g7 1-0


[Site "https://www.chess.com"]

[Event "Titled Tuesday Blitz December 20 Early 2022"]
[White "JohnWhite1952"]
[Black "SaiHanThiha"]
[WhiteElo "1978"]
[BlackElo "2429"]
[Result "0-1"]
[Round "02"]
[TimeControl "180+2"]
[Date "2022.12.20"]
[WhiteClock "0:00:02"]
[BlackClock "0:00:15"]

1. e4 c6 2. d3 d5 3. Nd2 e5 4. Ngf3 Bd6 5. g3 Nf6 6. Bg2 O-O 7. O-O Re8 8. Qe2 Nbd7 9. Nb3 d4 10. Bg5 h6 11. Bd2 c5 12. c4 Rb8 13. a4 Nf8 14. a5 b5 15. axb6 axb6 16. Ra2 b5 17. Na5 Qb6 18. Rfa1 Be6 19. b3 b4 20. Nh4 Ra8 21. Nf5 Ra7 22. Nxd6 Qxd6 23. f4 Bg4 24. Qf2 N6d7 25. fxe5 Nxe5 26. Bf4 Nfg6 27. Qd2 Qb6 28. h3 Bxh3 29. Kh2 Bxg2 30. Kxg2 Rea8 31. Bxe5 Nxe5 32. Qf4 f6 0-1


[Site "https://www.chess.com"]

[Event "Titled Tuesday Blitz December 20 Early 2022"]
[White "JordanLoyd2020"]
[Black "Tsigelnitskiy, Ilusha"]
[BlackFideId "4132971"]
[WhiteElo "2526"]
[BlackElo "2342"]
[Result "0-1"]
[Round "02"]
[TimeControl "180+2"]
[Date "2022.12.20"]
[WhiteClock "0:01:35"]
[BlackClock "0:01:35"]

1. e4 c5 2. Nf3 Nc6 3. Bb5 g6 4. Bxc6 dxc6 5. d3 Bg7 6. a4 a5 7. Nc3 b6 8. h3 e5 9. Be3 Ne7 10. O-O h6 11. Nd2 g5 12. Re1 O-O 13. Ne2 Be6 14. Ng3 Qd7 15. Nh5 Bh8 16. g4 Ng6 17. Nf1 Nf4 18. Qf3 Nxh5 19. gxh5 Bxh3 20. Ng3 Bg4 21. Qg2 Rae8 22. f3 Be6 23. f4 exf4 24. Bxf4 gxf4 25. Nf5+ Kh7 0-1


[Site "https://www.chess.com"]

[Event "Titled Tuesday Blitz December 20 Early 2022"]
[White "Jovanovic, Dobrica"]
[Black "forevery0ung"]
[WhiteFideId "928674"]
[WhiteElo "2164"]
[BlackElo "2661"]
[Result "0-1"]
[Round "02"]
[TimeControl "180+2"]
[Date "2022.12.20"]
[WhiteClock "0:00:19"]
[BlackClock "0:00:18"]

1. e4 e6 2. d4 d5 3. e5 Bd7 4. f4 c5 5. Nf3 Qb6 6. c3 Bb5 7. Qb3 Bxf1 8. Qxb6 axb6 9. Rxf1 c4 10. g4 b5 11. f5 Nc6 12. fxe6 fxe6 13. Ng5 Nd8 14. Na3 Bxa3 15. bxa3 Ne7 16. Rb1 Ra5 17. Nh3 h5 18. g5 Ng6 19. Nf4 Nxf4 20. Rxf4 Kd7 21. Bb2 Ke7 22. Ke2 Rf8 23. Rbf1 Rxf4 24. Rxf4 Nf7 25. Rh4 g6 26. Bc1 Ra8 27. Rh3 Nh8 28. Rf3 Rf8 29. Rf6 Rg8 30. Kd2 Nf7 31. Kc2 Nd8 32. a4 bxa4 33. Ba3+ Ke8 34. h4 Rg7 35. Bd6 Kd7 36. Bb4 Nc6 37. Ba3 b5 38. Bf8 Rg8 39. Rf7+ Ke8 40. Rc7 Rxf8 41. Rxc6 Rf2+ 42. Kc1 Kd7 43. Rd6+ Ke7 44. Rb6 Rxa2 45. Rxb5 Rh2 46. Rb7+ Kd8 47. Rb8+ Kd7 48. Rg8 Rxh4 49. Rg7+ Ke8 50. Rxg6 Kf7 51. Rf6+ Ke7 52. Rh6 a3 53. Rh7+ Kf8 54. Kb1 Rh2 55. g6 h4 56. Rf7+ Kg8 57. Re7 h3 58. Rxe6 Rg2 59. g7 h2 60. Rh6 Rg1+ 61. Ka2 h1=Q 62. Rxh1 Rxh1 63. Kxa3 Kxg7 64. Kb4 Kf7 65. Kc5 Ke6 66. Kc6 Rb1 67. Kc5 Rb3 68. Kc6 Rxc3 69. Kc5 Rd3 70. Kc6 Rxd4 71. Kc5 Rd3 72. Kc6 c3 73. Kc5 c2 74. Kc6 c1=Q+ 75. Kb5 Rb3+ 76. Ka6 Qa3# 0-1


[Site "https://www.chess.com"]

[Event "Titled Tuesday Blitz December 20 Early 2022"]
[White "Karttunen, Mika"]
[Black "Hansch, Karsten"]
[WhiteFideId "502081"]
[BlackFideId "24692239"]
[WhiteElo "2490"]
[BlackElo "2248"]
[Result "1-0"]
[Round "02"]
[TimeControl "180+2"]
[Date "2022.12.20"]
[WhiteClock "0:00:02"]
[BlackClock "0:00:01"]

1. e4 c5 2. Nf3 d6 3. d4 cxd4 4. Nxd4 Nf6 5. Nc3 a6 6. Bg5 e6 7. f4 Be7 8. Qf3 h6 9. Bxf6 Bxf6 10. O-O-O Qb6 11. Nb3 Qc7 12. g4 b5 13. h4 Bb7 14. Nd4 b4 15. Nce2 Nd7 16. g5 Bxd4 17. Nxd4 Nc5 18. Bd3 hxg5 19. hxg5 Rxh1 20. Qxh1 O-O-O 21. Kb1 Qb6 22. Nb3 a5 23. Nxc5 dxc5 24. Bc4 Rxd1+ 25. Qxd1 Bxe4 26. Qh5 Qd6 27. Qe2 Qd4 28. a3 g6 29. axb4 axb4 30. Bb3 Bd5 31. Qa6+ Kd8 32. Qd6+ Kc8 33. Qf8+ Kc7 34. Qxf7+ Kb6 35. Bxd5 Qxd5 36. Qxg6 c4 37. Qh5 b3 38. cxb3 Qd3+ 39. Ka2 cxb3+ 40. Ka3 Kc5 41. Qe8 Kb6 42. Qa4 Qd6+ 43. Qb4+ 1-0


[Site "https://www.chess.com"]

[Event "Titled Tuesday Blitz December 20 Early 2022"]
[White "KerryStead"]
[Black "Schattmann, Alfred"]
[BlackFideId "4662377"]
[WhiteElo "2033"]
[BlackElo "1746"]
[Result "0-1"]
[Round "02"]
[TimeControl "180+2"]
[Date "2022.12.20"]
[WhiteClock "0:00:02"]
[BlackClock "0:00:44"]

1. d4 Nf6 2. f3 d5 3. e4 dxe4 4. Nc3 e5 5. dxe5 Qxd1+ 6. Kxd1 Nfd7 7. Nd5 Nxe5 8. Nxc7+ Kd8 9. Nxa8 exf3 10. Nxf3 Nxf3 11. gxf3 Nc6 12. Bf4 f6 13. Bb5 g5 14. Bg3 h5 15. h4 g4 16. Bxc6 bxc6 17. fxg4 Bxg4+ 18. Kc1 Bh6+ 19. Kb1 f5 20. Be5 Re8 21. Bf6+ Kd7 22. a4 Rxa8 23. Re1 f4 24. Re7+ Kd6 25. Ka2 Rf8 26. Rxa7 Rxf6 27. a5 f3 28. Rf1 f2 29. a6 Be3 30. Rb7 Rf5 31. b4 Be2 32. Rxf2 Rxf2 33. a7 Bxa7 34. Rxa7 Bd3 35. Rg7 Rxc2+ 36. Kb3 Rh2 37. Rg5 Rxh4 38. Kc3 Bb5 39. Rg6+ Kc7 40. Rh6 Kb6 41. Rh7 Rh1 42. Rh6 h4 43. Rh5 h3 44. Kb2 Bc4 45. Kc3 Bd5 46. Kb2 Kb5 47. Rh4 0-1


[Site "https://www.chess.com"]

[Event "Titled Tuesday Blitz December 20 Early 2022"]
[White "Kildepiotr"]
[Black "Boudreaux, Floyd"]
[BlackFideId "2016370"]
[WhiteElo "2682"]
[BlackElo "2088"]
[Result "1-0"]
[Round "02"]
[TimeControl "180+2"]
[Date "2022.12.20"]
[WhiteClock "0:00:51"]
[BlackClock "0:00:01"]

1. Nf3 Nf6 2. g3 d5 3. Bg2 e6 4. O-O Be7 5. d3 O-O 6. Nbd2 c5 7. e4 Nc6 8. Qe2 b5 9. e5 Nd7 10. c3 Qc7 11. Re1 Bb7 12. h4 Rfc8 13. Nf1 Qd8 14. Bg5 h6 15. Bxe7 Qxe7 16. N1h2 a5 17. Ng4 Kh8 18. h5 a4 19. a3 Na5 20. Rad1 Nb3 21. Qe3 Qf8 22. Qf4 Rab8 23. Bh3 Ba6 24. Nh4 Rb6 25. Ne3 d4 26. Nc2 dxc3 27. bxc3 Bb7 28. Kh2 Kh7 29. Re3 Qe7 30. Nf5 exf5 31. Qxf5+ Kh8 32. Qxd7 Qxd7 33. Bxd7 Rd8 34. Bf5 g6 35. hxg6 fxg6 36. Bh3 h5 37. e6 Re8 38. e7 Bc6 39. d4 cxd4 40. Nxd4 Nxd4 41. Rxd4 Kg7 42. Rd6 1-0


[Site "https://www.chess.com"]

[Event "Titled Tuesday Blitz December 20 Early 2022"]
[White "Kirillov-Dmitry"]
[Black "dmitrijiIM"]
[WhiteElo "2444"]
[BlackElo "2782"]
[Result "1-0"]
[Round "02"]
[TimeControl "180+2"]
[Date "2022.12.20"]
[WhiteClock "0:00:08"]
[BlackClock "0:01:01"]

1. e4 Nc6 2. Nf3 d6 3. d4 Nf6 4. Nc3 g6 5. Be2 Bg7 6. O-O O-O 7. Bf4 a6 8. a3 b5 9. h3 Bb7 10. d5 Nb8 11. Qd2 c6 12. dxc6 Bxc6 13. Bd3 Nbd7 14. Rad1 Nc5 15. Qe2 Qb6 16. e5 Nh5 17. Bh2 Bxf3 18. Qxf3 Nxd3 19. Rxd3 dxe5 20. Nd5 Qc5 21. Rc3 e4 22. Rxc5 exf3 23. Nxe7+ Kh8 24. g4 Nf6 25. Re1 Rfe8 26. Rce5 Red8 27. R5e3 Rd2 28. Rxf3 Rxc2 29. Be5 Nd7 30. Bxg7+ Kxg7 31. Nd5 Rf8 32. Re7 Nc5 33. Rc7 Rc1+ 34. Kg2 h6 35. b4 Rd8 36. Rfxf7+ Kh8 37. Rh7+ Kg8 38. Nf6+ Kf8 39. Rcf7# 1-0


[Site "https://www.chess.com"]

[Event "Titled Tuesday Blitz December 20 Early 2022"]
[White "Kotofeyca"]
[Black "Emily_Dawn"]
[WhiteElo "2372"]
[BlackElo "1878"]
[Result "1-0"]
[Round "02"]
[TimeControl "180+2"]
[Date "2022.12.20"]
[WhiteClock "0:00:19"]
[BlackClock "0:00:27"]

1. d4 Nf6 2. c4 e6 3. Nf3 d5 4. Nc3 Bb4 5. Qa4+ Nc6 6. Ne5 Bxc3+ 7. bxc3 Bd7 8. Nxd7 Qxd7 9. e3 O-O 10. Be2 Ne4 11. Qc2 e5 12. O-O f5 13. cxd5 Qxd5 14. c4 Qf7 15. Ba3 Rfd8 16. d5 Ne7 17. Bd3 Nd6 18. c5 Ne8 19. d6 cxd6 20. cxd6 Nxd6 21. Bxd6 Rxd6 22. Bc4 Nd5 23. Rad1 e4 24. Rd4 Rad8 25. Rfd1 Kh8 26. Qb3 Qf6 27. Bxd5 Qh4 28. g3 Qh5 29. Qxb7 Rh6 30. h4 g5 31. Bxe4 gxh4 32. Rxd8+ Qe8 33. Rxe8# 1-0


[Site "https://www.chess.com"]

[Event "Titled Tuesday Blitz December 20 Early 2022"]
[White "Kucherov, Konstantin"]
[Black "ShahxaibKhan"]
[WhiteFideId "34136280"]
[WhiteElo "1983"]
[BlackElo "2382"]
[Result "1-0"]
[Round "02"]
[TimeControl "180+2"]
[Date "2022.12.20"]
[WhiteClock "0:00:30"]
[BlackClock "0:00:18"]

1. f4 d5 2. Nf3 g6 3. g3 Bg4 4. Bg2 Bg7 5. h3 Bf5 6. d3 Nf6 7. O-O d4 8. Qe1 Nd5 9. g4 Bd7 10. Na3 Bc6 11. Nc4 Nd7 12. Bd2 N7b6 13. Na5 O-O 14. Nxc6 bxc6 15. Qf2 c5 16. Ng5 Rb8 17. b3 Ne3 18. Rfc1 h6 19. Ne4 Nd7 20. f5 gxf5 21. gxf5 Rb6 22. Kh1 Kh8 23. Rab1 Nd5 24. Qh4 Kh7 25. Ng5+ Kg8 26. Bxd5 hxg5 27. Bxg5 Nf6 28. Bf3 Qd7 29. Rg1 Qxf5 30. Bh6 Ne8 31. Be4 Qf6 32. Bg5 1-0


[Site "https://www.chess.com"]

[Event "Titled Tuesday Blitz December 20 Early 2022"]
[White "Larochelle, Martial"]
[Black "Andrii_Prydun"]
[WhiteFideId "2016311"]
[WhiteElo "2039"]
[BlackElo "2387"]
[Result "0-1"]
[Round "02"]
[TimeControl "180+2"]
[Date "2022.12.20"]
[WhiteClock "0:00:04"]
[BlackClock "0:00:10"]

1. d4 Nf6 2. c4 e6 3. g3 d5 4. Nf3 Be7 5. Bg2 O-O 6. O-O Nbd7 7. Qc2 a5 8. Nc3 dxc4 9. Nd2 Nb6 10. e3 c5 11. dxc5 Bxc5 12. Rd1 Qe7 13. Nce4 e5 14. Nxc4 Bf5 15. Nxf6+ Qxf6 16. e4 Bg4 17. Rf1 Rac8 18. Nxb6 Bxb6 19. Qb3 Be2 20. Bg5 Qxg5 21. Rfe1 Bxf2+ 22. Kxf2 Bc4 23. Qxb7 Rb8 24. Qd7 Rxb2+ 25. Kg1 Rd8 26. Qh3 Be6 27. Qh4 Qxh4 28. gxh4 Rdd2 29. Bf3 Rxa2 30. Rab1 h6 31. h5 a4 32. Rb5 Rd3 33. Bg2 f6 34. Rc1 Kh7 35. Rb7 Rd7 36. Rb6 Bf7 37. Bh3 Rd8 38. Bf5+ Kg8 39. Rbc6 Rad2 40. Ra1 R2d4 41. Rc7 Ra8 42. Rb1 a3 43. Kg2 a2 44. Ra1 Rb4 45. Rcc1 Rb2+ 46. Kg3 Ra3+ 47. Kg4 Rg2+ 48. Kh4 Rxh2+ 49. Kg4 Bxh5# 0-1


[Site "https://www.chess.com"]

[Event "Titled Tuesday Blitz December 20 Early 2022"]
[White "Levanovsky, Vladimir"]
[Black "Manish Anto Cristiano F"]
[WhiteFideId "24119784"]
[BlackFideId "25095927"]
[WhiteElo "1869"]
[BlackElo "2485"]
[Result "0-1"]
[Round "02"]
[TimeControl "180+2"]
[Date "2022.12.20"]
[WhiteClock "0:00:01"]
[BlackClock "0:00:21"]

1. d4 Nf6 2. c4 g6 3. Nc3 Bg7 4. e4 d6 5. Nf3 O-O 6. Be2 e5 7. d5 Nbd7 8. Be3 Nc5 9. Nd2 a5 10. g4 h5 11. gxh5 gxh5 12. Bxh5 Nd3+ 13. Kf1 Bh3+ 14. Kg1 Nxb2 15. Qf3 Qd7 16. Nf1 Nxc4 17. Ng3 Nxe3 18. fxe3 b5 19. Kf2 b4 20. Nce2 Ng4+ 21. Ke1 Nh6 22. Rg1 f5 23. exf5 Nxf5 24. Nxf5 Qxf5 25. Qg3 Qd7 26. Bg6 Bf5 27. Kd2 Bxg6 28. Qxg6 Qf7 29. Qg4 Qxd5+ 30. Ke1 Rf7 31. Rd1 Qf3 32. Qg5 Raf8 33. Rg3 Qf5 34. Qh4 Qc2 35. Rg1 Rf2 36. Qg4 R8f7 37. Rd2 Qb1+ 38. Rd1 Qxa2 39. Qc8+ Kh7 40. Qh3+ Bh6 41. Qh5 Qe6 42. Ng3 Qf6 43. Ne4 Qf3 0-1


[Site "https://www.chess.com"]

[Event "Titled Tuesday Blitz December 20 Early 2022"]
[White "Lion-Al-Messi"]
[Black "Ruzele, Darius"]
[BlackFideId "12800104"]
[WhiteElo "2520"]
[BlackElo "2531"]
[Result "1-0"]
[Round "02"]
[TimeControl "180+2"]
[Date "2022.12.20"]
[WhiteClock "0:02:05"]
[BlackClock "0:01:06"]

1. e4 c5 2. Nf3 g6 3. d4 cxd4 4. Qxd4 Nf6 5. e5 Nc6 6. Qa4 Nd5 7. Qe4 Ndb4 8. Bb5 d5 9. Qxb4 Bf5 10. O-O Bg7 11. Nd4 O-O 12. Bxc6 bxc6 13. Nxf5 gxf5 14. Qd4 c5 15. Qxc5 Bxe5 16. Bh6 Bxb2 17. Bxf8 Qxf8 18. Nd2 Rc8 19. Qxd5 Rd8 20. Qa5 Bxa1 21. Rxa1 e6 22. Nf3 Qd6 23. h4 a6 24. Qa4 Rc8 25. h5 h6 26. Re1 Rc3 27. Qd4 Qxd4 28. Nxd4 Ra3 29. Rc1 Rxa2 30. c4 Kf8 31. c5 Ke8 32. c6 Kd8 33. c7+ Kc8 34. Nc6 Kxc7 35. Nb4+ 1-0


[Site "https://www.chess.com"]

[Event "Titled Tuesday Blitz December 20 Early 2022"]
[White "Liyanage, Ranindu Dilshan"]
[Black "Ilia_Jude"]
[WhiteFideId "9915834"]
[WhiteElo "2342"]
[BlackElo "2372"]
[Result "0-1"]
[Round "02"]
[TimeControl "180+2"]
[Date "2022.12.20"]
[WhiteClock "0:00:31"]
[BlackClock "0:00:51"]

1. d4 Nf6 2. Nc3 g6 3. e4 d6 4. Nf3 Bg7 5. Be2 O-O 6. O-O a6 7. a4 Nc6 8. d5 Nb8 9. h3 Nbd7 10. Nd4 Nc5 11. f3 e5 12. dxe6 Nxe6 13. Be3 d5 14. e5 Nd7 15. f4 c5 16. Nxe6 fxe6 17. Bg4 d4 18. Bxe6+ Kh8 19. Bxd4 cxd4 20. Qxd4 Qb6 21. Qxb6 Nxb6 22. Ba2 Bf5 23. a5 Nd7 24. Rad1 Nc5 25. Bd5 Bxc2 26. Rd2 Bb3 27. Bxb3 Nxb3 28. Rd7 Nxa5 29. b4 Nc6 30. Rxb7 Rab8 31. Rxb8 Rxb8 32. Nd5 Nxb4 33. Rb1 Nc6 34. Ra1 a5 35. Rc1 Nb4 36. Ne3 Bf8 37. Ra1 Bc5 38. Ra3 Nc2 0-1


[Site "https://www.chess.com"]

[Event "Titled Tuesday Blitz December 20 Early 2022"]
[White "MAGMAchess02"]
[Black "Derybas, Igor"]
[BlackFideId "41846400"]
[WhiteElo "2316"]
[BlackElo "1490"]
[Result "0-1"]
[Round "02"]
[TimeControl "180+2"]
[Date "2022.12.20"]
[WhiteClock "0:00:01"]
[BlackClock "0:00:09"]

1. d4 Nf6 2. c4 c5 3. d5 b5 4. cxb5 a6 5. bxa6 Bxa6 6. Nc3 d6 7. e4 Bxf1 8. Kxf1 g6 9. g3 Bg7 10. Kg2 O-O 11. a4 e6 12. Nf3 exd5 13. exd5 Nbd7 14. Ra3 Re8 15. Qd3 Nb6 16. a5 c4 17. Qd1 Nbd7 18. Bf4 Nc5 19. Nd4 Nd3 20. Bc1 Qd7 21. Qf3 Ng4 22. Nc6 Ngxf2 23. Rf1 Qh3+ 24. Kg1 Qxf1+ 25. Kxf1 Re1+ 26. Kg2 Rxc1 27. Qe2 Rc2 28. Qxc2 Ne1+ 29. Kxf2 Nxc2 30. Ra4 Ra6 31. Rxc4 h5 32. b4 Nxb4 33. Nxb4 Rxa5 34. Ne4 Ra4 35. Nxd6 Bf8 36. Ne4 Bxb4 37. Kf3 Ra3+ 38. Kf4 Bf8 39. Rc8 Kg7 40. d6 Rd3 41. Ke5 f5 42. Rc7+ Kh6 43. d7 fxe4 44. Rc8 Rxd7 0-1


[Site "https://www.chess.com"]

[Event "Titled Tuesday Blitz December 20 Early 2022"]
[White "Mac Intyre, Paul"]
[Black "Rud_Makarian"]
[WhiteFideId "2014505"]
[WhiteElo "2246"]
[BlackElo "2889"]
[Result "0-1"]
[Round "02"]
[TimeControl "180+2"]
[Date "2022.12.20"]
[WhiteClock "0:00:01"]
[BlackClock "0:00:14"]

1. c4 Nf6 2. Nc3 g6 3. e4 d6 4. d4 Bg7 5. f4 O-O 6. Nf3 e5 7. fxe5 dxe5 8. d5 Nbd7 9. Bd3 a5 10. O-O Ne8 11. Bg5 f6 12. Bh4 b6 13. Bc2 Nd6 14. b3 Bh6 15. Kh1 Qe8 16. Qe2 Nc5 17. a3 Ba6 18. Ne1 a4 19. Nd3 Nxb3 20. Bxb3 axb3 21. Nb2 f5 22. exf5 Nxf5 23. Bf2 Nd4 24. Qd3 Qd7 25. Rae1 Rf5 26. Ne4 Raf8 27. Bh4 Rxf1+ 28. Rxf1 Rxf1+ 29. Qxf1 Qf5 30. Qe1 Nc2 31. Qe2 Bc1 32. Nf6+ Kh8 33. g4 Qf4 34. Nd3 Qe3 35. Nxc1 b2 36. Qxe3 Nxe3 37. Bg3 bxc1=Q+ 0-1


[Site "https://www.chess.com"]

[Event "Titled Tuesday Blitz December 20 Early 2022"]
[White "Machidon, Cristi"]
[Black "Nemegejas"]
[WhiteFideId "13904590"]
[WhiteElo "2279"]
[BlackElo "2883"]
[Result "0-1"]
[Round "02"]
[TimeControl "180+2"]
[Date "2022.12.20"]
[WhiteClock "0:01:31"]
[BlackClock "0:01:51"]

1. d4 f5 2. g3 Nf6 3. Bg2 g6 4. c3 Bg7 5. Qb3 Nc6 6. Nh3 e6 7. Nd2 O-O 8. Nf4 d5 9. Nf3 Ne4 10. Nd3 b6 11. Nfe5 Na5 12. Qc2 c5 13. f3 Nd6 14. O-O Qe8 15. Bf4 Nab7 16. Rae1 Nb5 17. Be3 N7d6 18. dxc5 Nc4 19. Bf2 Nxe5 20. Nxe5 Bxe5 21. e4 fxe4 22. fxe4 d4 23. a4 d3 24. Qxd3 Nc7 25. cxb6 axb6 26. Bxb6 Rxf1+ 27. Rxf1 Ba6 28. c4 Qc6 29. Bxc7 Bxc4 30. Qxc4 Qxc4 31. Bxe5 Qc5+ 0-1


[Site "https://www.chess.com"]

[Event "Titled Tuesday Blitz December 20 Early 2022"]
[White "Makswolf200817"]
[Black "viditchess"]
[WhiteElo "2651"]
[BlackElo "2986"]
[Result "0-1"]
[Round "02"]
[TimeControl "180+2"]
[Date "2022.12.20"]
[WhiteClock "0:00:01"]
[BlackClock "0:01:17"]

1. d4 Nf6 2. c4 e6 3. g3 Bb4+ 4. Bd2 a5 5. Bg2 O-O 6. Nf3 b6 7. Ne5 Ra7 8. O-O Bb7 9. Bxb7 Rxb7 10. Bxb4 axb4 11. Nd2 d6 12. Nd3 c5 13. e3 Nc6 14. Nb3 e5 15. d5 Ne7 16. a3 bxa3 17. Rxa3 b5 18. Na5 Ra7 19. Qa1 bxc4 20. Nxc4 Rxa3 21. bxa3 Nexd5 22. Rd1 Qc7 23. a4 Ra8 24. a5 Ne7 25. Nb6 Ra6 26. Qc3 Nc6 27. Nc4 h6 28. Ra1 e4 29. Nf4 d5 30. Nb6 Nb4 31. Rc1 Rxa5 32. Qxb4 Ra1 33. Qc3 Rxc1+ 34. Qxc1 Qxb6 35. Qd2 d4 36. Qc2 d3 0-1


[Site "https://www.chess.com"]

[Event "Titled Tuesday Blitz December 20 Early 2022"]
[White "MalyDominator"]
[Black "Linhart, Wolfgang"]
[BlackFideId "4636244"]
[WhiteElo "2428"]
[BlackElo "2114"]
[Result "0-1"]
[Round "02"]
[TimeControl "180+2"]
[Date "2022.12.20"]
[WhiteClock "0:01:27"]
[BlackClock "0:00:08"]

1. d4 Nf6 2. c4 g6 3. Nc3 d5 4. cxd5 Nxd5 5. e4 Nxc3 6. bxc3 Bg7 7. Be3 O-O 8. h3 c5 9. Nf3 b6 10. Bd3 Bb7 11. O-O Nd7 12. Re1 Rc8 13. Rc1 e6 14. Qa4 a6 15. Bb1 b5 16. Qa3 Qc7 17. Red1 Nb6 18. Qxc5 Qxc5 19. dxc5 Na4 20. Bd4 Nxc5 21. Nd2 Na4 22. Nb3 Nxc3 23. Bxc3 Rxc3 24. Rxc3 Bxc3 25. Rd7 Bc6 26. Rc7 Rd8 27. Bc2 Be8 28. Ra7 Rd6 29. f4 Kg7 30. Kf2 Bd4+ 31. Kf3 Bxa7 0-1


[Site "https://www.chess.com"]

[Event "Titled Tuesday Blitz December 20 Early 2022"]
[White "McCarthyStone"]
[Black "IronicSteal05"]
[WhiteElo "2471"]
[BlackElo "2245"]
[Result "1-0"]
[Round "02"]
[TimeControl "180+2"]
[Date "2022.12.20"]
[WhiteClock "0:02:25"]
[BlackClock "0:02:13"]

1. Nf3 Nf6 2. c4 g6 3. d4 Bg7 4. Nc3 d6 5. g3 O-O 6. Bg2 c6 7. O-O Qa5 8. h3 e5 9. e4 Re8 10. Re1 Be6 11. d5 cxd5 12. cxd5 Bd7 13. Be3 a6 14. a4 Rc8 15. Nd2 Qd8 16. Qb3 Be8 17. Nc4 Nbd7 18. Nxd6 Rcb8 19. a5 Bf8 20. Nc4 Nc5 21. Qc2 Nfd7 22. b4 1-0


[Site "https://www.chess.com"]